 Dungeon Crawl Stone Soup version 0.29.1-2-gbd0b4ee654 (webtiles) character file.

Game seed: 617317209926179206

90 styxcanada the Sneak (level 4, -3/23 HPs)
             Began as a Spriggan Brigand on Nov 2, 2022.
             Slain by Natasha (8 damage)
             ... on level 2 of the Dungeon.
             The game lasted 00:07:38 (2112 turns).

styxcanada the Sneak (Spriggan Brigand)             Turns: 2112, Time: 00:07:38

Health: -3/23      AC:  3    Str:  7    XL:     4   Next: 32%
Magic:  5/5        EV: 17    Int: 18    God:
Gold:   15         SH:  0    Dex: 18    Spells: 3/3 levels left

rFire   . . .      SeeInvis +   g - +0 dagger (venom)
rCold   . . .      Faith    .   (no shield)
rNeg    . . .      Spirit   .   b - +0 robe
rPois   .          Reflect  .   (helmet restricted)
rElec   .          Harm     .   c - +0 cloak
rCorr   .          Rampage  .   (gloves unavailable)
Will    .....                   (boots unavailable)
Stlth   ++++......              (no amulet)
HPRegen 0.07/turn               k - +6 ring of intelligence
MPRegen 0.09/turn               (no ring)

@: very quick
A: very small, no large weapons, unfitting armour, see invisible, speed 3
a: no special abilities


You were on level 2 of the Dungeon.
You visited 1 branch of the dungeon, and saw 2 of its levels.

You collected 15 gold pieces.

Inventory:

Hand Weapons
 a - a +2 dagger
 g - a +0 dagger of venom (weapon)
 l - a +0 sling
Missiles
 d - 8 poisoned darts (quivered)
 e - 3 curare-tipped darts
 h - 31 stones
Armour
 b - a +0 robe (worn)
 c - a +0 cloak (worn)
Jewellery
 k - a +6 ring of intelligence (left hand)
Scrolls
 j - a scroll of enchant armour {unknown}
 m - a scroll of blinking {unknown}
 n - a scroll of identify {unknown}
 p - 3 scrolls of fear {unknown}
Potions
 f - 2 potions of flight {unknown}
 i - a potion of might {unknown}
 o - a potion of curing {unknown}


   Skills:
 * Level 2.0 Fighting
 + Level 2.6 Short Blades
 + Level 2.3 Throwing
 * Level 2.4 Dodging
 * Level 7.6 Stealth


You had 3 spell levels left.
You didn't know any spells.
Your spell library was empty.

Dungeon Overview and Level Annotations

Branches:
Dungeon (2/15)

Altars:

Shops:
D:1 :

Annotations:
D:2 Natasha


Innate Abilities, Weirdness & Mutations

You are very small and have problems with some larger weapons.
You are too small for most types of armour.
You have supernaturally acute eyesight. (SInv)
You cover ground extremely quickly. (Speed+++)


Message History

h - 20 stones (gained 5)
Things that are here:
a +0 dagger; a ball python corpse
There is a stone staircase leading up here.
Found a stone staircase leading down.
Found a dagger.
A kobold comes into view. It is wielding a +0 whip.
The kobold shouts!
The kobold throws a stone.
The stone hits you but does no damage.
You see here 8 stones.
The kobold closely misses you.
You hit the kobold.
The kobold is moderately wounded.
You hit the kobold.
The kobold is poisoned.
The kobold is severely wounded.
You kill the kobold!
h - 23 stones (gained 3)
Things that are here:
a +0 whip; a kobold corpse
h - 31 stones (gained 8) Natasha, Servant of Life and Death comes into view.
Natasha hisses angrily.
You hit Natasha.
Natasha is poisoned.
Natasha is lightly wounded.
Natasha stares at you and mumbles some strange words.
You easily resist.
You hit Natasha but do no damage.
Natasha looks as sick as possible!
Natasha is lightly wounded.
Natasha claws you!
You barely miss Natasha.
Natasha is moderately wounded.
Natasha claws you.
You miss Natasha.
Natasha is moderately wounded.
Natasha claws you.
* * * LOW HITPOINT WARNING * * *
You hit Natasha.
Natasha is severely wounded.
Natasha claws you!
You die...

######
.###.###.#......#.#
.....# .....#
#.#.######.#
.....###....#
#.#.#......# †.........#.
#.#.#.###### ..........#.
###.#.#.#
#####...###+##.....#.# #
#..>.......#.#.#.#.#
##.###.....h.......#.# ##
#.# #......@........# .#
#†###......#......### .#
#............####.# .#
###########......##.# .#
#...# #.##..#.#.....##
.###.#.###.##......##...#
.....#.#.......######.#.#
####...#.####..####...#.#
#.###.# #.....###.#.###


You could see Natasha (very poisoned).

Vanquished Creatures
  Natasha (D:2)
  3 adders (D:2)
  A worm (D:2)
  2 ball pythons (D:2)
  6 endoplasms
  A giant cockroach (D:2)
  3 goblins
  2 hobgoblins
  A quokka (D:2)
  4 bats
  3 frilled lizards
  6 kobolds
  2 rats (D:1)
  A butterfly (D:1)
36 creatures vanquished.

Notes
Turn   | Place    | Note
-------+----------+-------------------------------------------
     0 | D:1      | styxcanada the Spriggan Brigand began the quest for the
                  | Orb.
     0 | D:1      | Reached XP level 1. HP: 10/10 MP: 2/2
   161 | D:1      | Found Bileni's Book Boutique.
   188 | D:1      | Reached skill level 6 in Stealth
   303 | D:1      | Reached XP level 2. HP: 14/14 MP: 3/3
  1354 | D:2      | Reached XP level 3. HP: 13/18 MP: 4/4
  1362 | D:2      | Reached skill level 7 in Stealth
  1936 | D:2      | Noticed Natasha
  1946 | D:2      | Killed Natasha
  1947 | D:2      | Reached XP level 4. HP: 23/23 MP: 5/5
  2102 | D:2      | Noticed Natasha
  2112 | D:2      | Slain by Natasha

Illustrated notes

Levels and vault maps discovered:
D:1:      spicycebolla_arrival_clurvy, layout_loops_ring,
          serial_co_window_serial, co_window_paths_b, co_window_corner_a,
          co_window_corner_a, co_window_paths_a, co_window_paths_a,
          co_window_2corner, co_window_corner_b, co_window_of_opportunity_c,
          co_window_broadway_a, co_window_of_opportunity_c,
          co_window_broadway_a, co_window_paths_e, serial_shops,
          nicolae_shop_crystal, minmay_misc_feat_columns, minmay_tetromino_s4
D:2:      layout_basic, minmay_misc_feat_five, uniq_natasha

Skill      XL: |  1  2  3 |
---------------+----------+-----
Stealth        | 6 7 |  7.6
Dodging        | 2 |  2.4
Fighting       | 2 |  2.0
Short Blades   | |  2.6
Throwing       | |  2.3

Action                   |  1- 3 |  4- 6 || total
-------------------------+-------+-------++-------
Melee: Dagger            |   100 |    18 ||   118
       Punch             |     1 |       ||     1
Throw: Dart              |     7 |       ||     7
 Stab: Sleeping          |     4 |       ||     4
Armor: Robe              |    10 |     3 ||    13
Dodge: Dodged            |    71 |     5 ||    76
